 Dungeon Sprint DCSS version 0.23.1 (webtiles) character file.

Game seed: 8962833212452728421

77 dvd the Shield-Bearer (level 4, -3/27 HPs)
             Began as an Octopode Fire Elementalist on Mar 6, 2019.
             Was a Follower of Vehumet.
             Slain by a merfolk
             ... wielding a +0 trident
              (19 damage)
             ... in the Dungeon (Sprint V: "Ziggurat Sprint").
             The game lasted 00:02:02 (181 turns).

dvd the Shield-Bearer (Octopode Fire Elementalist)   Turns: 181, Time: 00:02:03

Health: -3/27      AC:  4    Str: 19    XL:     4   Next: 33%
Magic:  5/8        EV:  9    Int: 30    God:    Vehumet [*.....]
Gold:   0          SH: 30    Dex: 24    Spells: 6/9 levels left

rFire    + . .     SeeInvis .   C - +8 lance "Wyrmbane" {slay drac, rPois rF+ rC+ AC+3}
rCold    + + .     Gourm    .   D - +18 shield of the Gong {rElec rN+ MR+ EV-5}
rNeg     + . .     Faith    .   (helmet restricted)
rPois    +         Spirit   .   (no amulet)
rElec    +         Reflect  .   w - +6 ring of dexterity
rCorr    .         Harm     .   x - +6 ring of dexterity
MR       +....     NoTele   +   y - +6 ring of intelligence
Stlth    ++++......             z - +6 ring of intelligence
HPRegen  0.09/turn              A - +6 ring of strength
MPRegen  0.11/turn              B - +6 ring of strength
                                k - ring of flight
                                G - ring of protection from cold

@: no status effects
A: almost no armour, stealthy swim, amphibious, 8 rings, constrict 8, camouflage
1, gelatinous body 1
a: Renounce Religion, Evoke Flight


You were in the Dungeon.
You worshipped Vehumet.
Vehumet was aware of your devotion.
You were not hungry.

You visited 1 branch

Inventory:

Hand Weapons
 C - the +8 lance "Wyrmbane" (weapon) {slay drac, rPois rF+ rC+ AC+3}
   (You found it in the Dungeon)

   It affects your AC (+3).
   It protects you from fire.
   It protects you from cold.
   It protects you from poison.
 F - a +5 broad axe
Armour
 D - the +18 shield of the Gong (worn) {rElec rN+ MR+ EV-5}
   (You found it in the Dungeon)

   It affects your evasion (-5).
   It insulates you from electricity.
   It protects you from negative energy.
   It affects your resistance to hostile enchantments.
Jewellery
 k - a ring of flight (on tentacle)
 w - a +6 ring of dexterity (left tentacle)
 x - a +6 ring of dexterity (right tentacle)
 y - a +6 ring of intelligence (on tentacle)
 z - a +6 ring of intelligence (on tentacle)
 A - a +6 ring of strength (on tentacle)
 B - a +6 ring of strength (on tentacle)
 G - a ring of protection from cold (on tentacle)
Wands
 t - a wand of disintegration (7)
 u - a wand of iceblast (3)
 v - a wand of acid (7)
Scrolls
 h - 4 scrolls of blinking
 n - 4 scrolls of amnesia
 o - 7 scrolls of fog
 p - a scroll of holy word
 q - 5 scrolls of identify
 r - 5 scrolls of remove curse
 s - 2 scrolls of fear
Potions
 a - 2 potions of brilliance
 c - 10 potions of curing
 d - 14 potions of heal wounds
 e - 6 potions of haste
 f - 7 potions of magic
 g - 3 potions of berserk rage
 i - 2 potions of invisibility
 j - 4 potions of resistance
 l - 5 potions of agility
 m - 5 potions of might
Miscellaneous
 E - a crystal ball of energy
Comestibles
 b - 7 rations


   Skills:
 + Level 0.4 Polearms
 + Level 2.9 Dodging
 + Level 3.7 Stealth
 + Level 7.5 Shields
 + Level 3.1 Spellcasting
 + Level 1.3 Conjurations
 + Level 5.2 Fire Magic


You had 6 spell levels left.
You knew the following spells:

 Your Spells              Type           Power        Failure   Level  Hunger
a - Flame Tongue          Conj/Fire      ###..        4%          1    None
b - Throw Flame           Conj/Fire      ###...       8%          2    #......

Your spell library contained the following spells:

 Spells                   Type           Power        Failure   Level  Hunger
 Sandblast                Erth           #.....       19%         1    None
 Conjure Flame            Conj/Fire      ###.....     14%         3    ##.....
 Inner Flame              Hex/Fire       ###.....     19%         3    ##.....
 Sticky Flame             Conj/Fire      ###.....     43%         4    ####...
 Fireball                 Conj/Fire      ###.......   80%         5    ######.


Dungeon Overview and Level Annotations

Branches:
Dungeon (1/1)

Altars:
Ashenzari
Cheibriados
Dithmenos
Elyvilon
Fedhas
Gozag
Hepliaklqana
Kikubaaqudgha
Makhleb
Nemelex Xobeh
Okawaru
Qazlal
Ru
Sif Muna
Trog
Uskayaw
Vehumet
Wu Jian
Xom
Yredelemnul
Zin
The Shining One
Beogh
Jiyva
Lugonu

Annotations:
D 1 transporter


Innate Abilities, Weirdness & Mutations

You cannot wear most types of armour.
You are very stealthy in the water. (Stealth+)
You are amphibious.
You can wear up to eight rings at the same time.
You can use your tentacles to constrict eight enemies at once.
Your skin changes colour to match your surroundings (Stealth+).
Your rubbery body absorbs attacks. (AC +1, EV +1)


Message History

You block the merfolk's attack.
GONNNNG!
Unknown command.
Unknown command.
Unknown command.
Evoke which item? (* to show all) (? for menu, Esc to quit)
Aiming: Iceblast
Press: ? - help, Shift-Dir - straight line, f/p - merfolk
Aim: a merfolk, wielding a +0 trident (heavily wounded)
The mass of ice explodes!
The iceblast engulfs the merfolk!
The merfolk is severely wounded.
The iceblast engulfs the merfolk!
The merfolk is almost dead.
The iceblast engulfs the merfolk!
The merfolk is almost dead.
The iceblast engulfs the merfolk!
The merfolk is severely wounded.
The merfolk hits you from afar with a +0 trident!!
Ouch! That really hurt!
You die...

▓▓▓▓▓▓▓▓▓▓▓▓▓▓▓▓▓▓▓
▓.8©8.▓.8©8.▓.8©8.▓
▓.)[=.▓..}}.▓.....▓
▓..:..▓.....▓.)...▓
▓..m..▓.....▓.....▓
▓.mmm.▓.....▓.....▓
▓.....▓.....▓..©..▓
▓..@..▓..©..▓▓▓▓▓▓▓
▓▓▓▓▓▓▓▓▓▓▓▓▓


You could see 4 merfolk.

Vanquished Creatures
  2 quasits (D)
  An ufetubus (D)
  2 ball pythons (D)
5 creatures vanquished.

Notes
Turn   | Place    | Note
-------+----------+-------------------------------------------
     0 | D        | Found the +6 Majin-Bo {vamp, Archmagi MP+6 Int+6}
     0 | D        | Found the +7 great mace "Firestarter" {inner flame, rF++}
     0 | D        | dvd the Octopode Fire Elementalist began the quest for the
                  | Orb.
     0 | D        | Reached XP level 1. HP: 11/11 MP: 3/3
     0 | D        | Found a deep blue altar of Sif Muna.
     0 | D        | Found a sacrificial altar of Ru.
     0 | D        | Found a bloodstained altar of Trog.
     0 | D        | Found a stormy altar of Qazlal.
     0 | D        | Found an iron altar of Okawaru.
     0 | D        | Found a sparkling altar of Nemelex Xobeh.
     0 | D        | Found a blossoming altar of Fedhas.
     2 | D        | Found a transporter.
     2 | D        | Found an ancient bone altar of Kikubaaqudgha.
     2 | D        | Found a viscous altar of Jiyva.
     2 | D        | Found a corrupted altar of Lugonu.
     2 | D        | Found a hazy altar of Hepliaklqana.
     2 | D        | Found a burning altar of Makhleb.
     2 | D        | Found an opulent altar of Gozag.
    18 | D        | Found the +6 shillelagh "Devastator" {shatter}
    18 | D        | Found the +11 plutonium sword {*Contam Stlth-}
    18 | D        | Found the +8 lance "Wyrmbane" {slay drac, rPois rF+ rC+
                  | AC+3}
    18 | D        | Found the +9 sword of Zonguldrok {reap}
    18 | D        | Found the cursed +13 scythe of Curses {drain, *Curse}
    18 | D        | Found the +0 sword of Power
    18 | D        | Found the +7 mace of Variability {chain chaos}
    18 | D        | Found the +7 Singing Sword {slice, sonic wave}
    18 | D        | Found the +7 longbow "Piercer" {penet, EV-2}
    21 | D        | Found the +9 heavy crossbow "Sniper" {velocity, Acc+∞ SInv}
    21 | D        | Found the +10 dark maul {crush}
    21 | D        | Found the +15 Maxwell's patent armour {-Cast -Tele rElec
                  | MR+ rCorr}
    21 | D        | Found the +18 shield of the Gong {rElec rN+ MR+ EV-5}
    21 | D        | Found the cursed +14 obsidian axe {chop, +Fly SInv *Curse}
    31 | D        | Reached skill level 7 in Shields
    31 | D        | Reached XP level 2. HP: 17/17 MP: 5/5
    38 | D        | Became a worshipper of Vehumet
    87 | D        | Entered arena 2.
    87 | D        | Found a transporter.
   102 | D        | Learned a level 2 spell: Throw Flame
   103 | D        | Entered arena 3.
   103 | D        | Found a transporter.
   105 | D        | Reached * piety under Vehumet
   105 | D        | Offered knowledge of Sandblast by Vehumet.
   108 | D        | Reached XP level 3. HP: 18/21 MP: 1/7
   111 | D        | Reached skill level 5 in Fire Magic
   111 | D        | Reached XP level 4. HP: 23/27 MP: 2/8
   175 | D        | Entered arena 4.
   175 | D        | Noticed a merfolk
   175 | D        | Noticed a merfolk
   175 | D        | Noticed a merfolk
   175 | D        | Noticed a merfolk
   175 | D        | Found a transporter.
   181 | D        | Slain by a merfolk

Skill      XL: |  1  2  3 |
---------------+----------+-----
Shields        | 7 |  7.5
Stealth        | 3 |  3.7
Fire Magic     | 4 5 |  5.2
Spellcasting   | 3 |  3.1
Polearms       | |  0.4
Dodging        | |  2.9
Conjurations   | |  1.3

Action                   |  1- 3 |  4- 6 || total
-------------------------+-------+-------++-------
Melee: Lance             |     5 |       ||     5
       Constrict         |     1 |       ||     1
 Cast: Throw Flame       |     2 |     1 ||     3
       Flame Tongue      |     2 |     1 ||     3
Evoke: Wand              |       |     4 ||     4
  Use: Potion            |     1 |       ||     1
Armor: Skin              |     2 |       ||     2
Dodge: Dodged            |     4 |     1 ||     5
Block: Shield            |    13 |     6 ||    19
